TOP OF THE 1ST |
Vancouver Vipers batting - Pitching for San Jose Missions : RHP Francisco Arellano
|
Pitching: RHP Francisco Arellano
|
|
Batting: RHB Víctor Arredondo
|
0-0: Ball 1-0: Fly out, F7 (Flyball, 7D)
|
Batting: LHB Dave Gray
|
0-0: Ball 1-0: Ball 2-0: Foul Ball, location: 2F 2-1: DOUBLE (Line Drive, 5D)
|
Batting: SHB Henry Copeland
|
0-0: Foul Ball, location: 2F 0-1: Ball 1-1: Foul Ball, location: 2F 1-2: Ball 2-2: Foul Ball, location: 2F 2-2: SINGLE (Groundball, 5S) (infield hit) Dave Gray to third
|
Batting: RHB Lorenzo González
|
0-0: Ball 1-0: Foul Ball, location: 2F 1-1: Ball 2-1: Foul Ball, location: 2F 2-2: Fly out, F9 (Flyball, 89S) Runner from 3rd tags up, SCORES, no throw
|
Batting: LHB Tanyu Imai
|
0-0: Ball 1-0: Ball 2-0: Ball 3-0: Called Strike 3-1: Base on Balls Henry Copeland to second
|
Batting: RHB Alfredo Hernández
|
0-0: Ball 1-0: Ball 2-0: Ball 3-0: Called Strike 3-1: TRIPLE (Line Drive, 8RXD) Henry Copeland scores Tanyu Imai scores
|
Batting: RHB Jesús Gonzáles
|
0-0: Ball 1-0: Called Strike 1-1: Foul Ball, location: 2F 1-2: Ball 2-2: Strikes out swinging
|
Top of the 1st over - 3 run(s), 3 hit(s), 0 error(s), 1 left on base; Vancouver 3 - San Jose 0 |
BOTTOM OF THE 1ST |
San Jose Missions batting - Pitching for Vancouver Vipers : RHP Kazuo Mochizuki
|
Pitching: RHP Kazuo Mochizuki
|
|
Batting: RHB Peter Bishop
|
0-0: Called Strike 0-1: Foul Ball, location: 2F 0-2: Foul Ball, location: 2F 0-2: Ball 1-2: Ground out 5-3 (Groundball, 5)
|
Batting: RHB Ed Starr
|
0-0: Foul Ball, location: 2F 0-1: Foul Ball, location: 2F 0-2: Foul Ball, location: 2F 0-2: Ball 1-2: SINGLE (Groundball, 4MD)
|
Batting: RHB Dale Taylor
|
0-0: Called Strike 0-1: Ball 1-1: Foul Ball, location: 2F 1-2: Strikes out swinging
|
Batting: RHB Bob Orr
|
0-0: Ball 1-0: Fly out, F9 (Flyball, 9LM)
|
Bottom of the 1st over - 0 run(s), 1 hit(s), 0 error(s), 1 left on base; Vancouver 3 - San Jose 0 |
TOP OF THE 2ND |
Vancouver Vipers batting - Pitching for San Jose Missions : RHP Francisco Arellano
|
Batting: RHB Bill Little
|
0-0: Called Strike 0-1: Called Strike 0-2: Strikes out swinging
|
Batting: LHB Mike Williams
|
0-0: Foul Ball, location: 2F 0-1: Ball 1-1: Ball 2-1: Foul Ball, location: 2F 2-2: Ball 3-2: Base on Balls
|
Batting: RHB Víctor Arredondo
|
0-0: Called Strike 0-1: Called Strike 0-2: Ball 1-2: Grounds into double play, 6-4-3 (Groundball, 6)
|
Top of the 2nd over - 0 run(s), 0 hit(s), 0 error(s), 0 left on base; Vancouver 3 - San Jose 0 |
BOTTOM OF THE 2ND |
San Jose Missions batting - Pitching for Vancouver Vipers : RHP Kazuo Mochizuki
|
Batting: RHB Chang-geun Kim
|
0-0: Called Strike 0-1: Ground out 1-3 (Groundball, 15S)
|
Batting: RHB Sadao Kato
|
0-0: Ball 1-0: SINGLE (Groundball, 6MD)
|
Batting: LHB Arturo Rivera
|
0-0: Ball 1-0: Fly out, F9 (Flyball, 9)
|
Batting: RHB Raúl Perales
|
0-0: Ground out 5-3 (Groundball, 56S)
|
Bottom of the 2nd over - 0 run(s), 1 hit(s), 0 error(s), 1 left on base; Vancouver 3 - San Jose 0 |
TOP OF THE 3RD |
Vancouver Vipers batting - Pitching for San Jose Missions : RHP Francisco Arellano
|
Batting: LHB Dave Gray
|
0-0: Foul Ball, location: 2F 0-1: Hit by Pitch
|
Batting: SHB Henry Copeland
|
0-0: Foul Ball, location: 2F 0-1: Foul Ball, location: 2F 0-2: Fly out, F7 (Flyball, 78M)
|
Batting: RHB Lorenzo González
|
0-0: Ball 1-0: Ball 2-0: Called Strike 2-1: Foul Ball, location: 2F 2-2: Ground out 6-3 (Groundball, 6MD) Dave Gray to second
|
Batting: LHB Tanyu Imai
|
0-0: Foul Ball, location: 2F 0-1: Foul Ball, location: 2F 0-2: Ball 1-2: Fly out, F9 (Flyball, 9D)
|
Top of the 3rd over - 0 run(s), 0 hit(s), 0 error(s), 1 left on base; Vancouver 3 - San Jose 0 |
BOTTOM OF THE 3RD |
San Jose Missions batting - Pitching for Vancouver Vipers : RHP Kazuo Mochizuki
|
Batting: LHB Wilson Vecino
|
0-0: Ball 1-0: Called Strike 1-1: Called Strike 1-2: Hit by Pitch
|
Batting: RHB Peter Bishop
|
0-0: Fly out, F9 (Flyball, 9D)
|
Batting: RHB Ed Starr
|
0-0: Foul Ball, location: 2F 0-1: Called Strike 0-2: Ball 1-2: Foul Ball, location: 2F 1-2: Foul Ball, location: 2F 1-2: Ground out 5-3 (Groundball, 56S) Wilson Vecino to second
|
Batting: RHB Dale Taylor
|
0-0: Foul Ball, location: 2F 0-1: Foul Ball, location: 2F 0-2: Strikes out looking
|
Bottom of the 3rd over - 0 run(s), 0 hit(s), 0 error(s), 1 left on base; Vancouver 3 - San Jose 0 |
TOP OF THE 4TH |
Vancouver Vipers batting - Pitching for San Jose Missions : RHP Francisco Arellano
|
Batting: RHB Alfredo Hernández
|
0-0: Foul Ball, location: 2F 0-1: Foul Ball, location: 2F 0-2: Strikes out swinging
|
Batting: RHB Jesús Gonzáles
|
0-0: Ball 1-0: Ball 2-0: Called Strike 2-1: Foul Ball, location: 2F 2-2: Ball 3-2: Strikes out looking
|
Batting: RHB Bill Little
|
0-0: Called Strike 0-1: Ground out 4-3 (Groundball, 4)
|
Top of the 4th over - 0 run(s), 0 hit(s), 0 error(s), 0 left on base; Vancouver 3 - San Jose 0 |
BOTTOM OF THE 4TH |
San Jose Missions batting - Pitching for Vancouver Vipers : RHP Kazuo Mochizuki
|
Batting: RHB Bob Orr
|
0-0: Ball 1-0: Swinging Strike 1-1: Ground out 6-3 (Groundball, 6)
|
Batting: RHB Chang-geun Kim
|
0-0: Called Strike 0-1: Ball 1-1: Called Strike 1-2: Strikes out swinging
|
Batting: RHB Sadao Kato
|
0-0: Ball 1-0: Ground out 6-3 (Groundball, 6)
|
Bottom of the 4th over - 0 run(s), 0 hit(s), 0 error(s), 0 left on base; Vancouver 3 - San Jose 0 |
TOP OF THE 5TH |
Vancouver Vipers batting - Pitching for San Jose Missions : RHP Francisco Arellano
|
Batting: LHB Mike Williams
|
0-0: Called Strike 0-1: Swinging Strike 0-2: Foul Ball, location: 2F 0-2: Ball 1-2: Fly out, F9 (Line Drive, 9S)
|
Batting: RHB Víctor Arredondo
|
0-0: Swinging Strike 0-1: DOUBLE (Line Drive, 78M)
|
Batting: LHB Dave Gray
|
0-0: Fly out, F9 (Line Drive, 89M)
|
Batting: SHB Henry Copeland
|
0-0: Foul Ball, location: 2F 0-1: Ground out 4-3 (Groundball, 4)
|
Top of the 5th over - 0 run(s), 1 hit(s), 0 error(s), 1 left on base; Vancouver 3 - San Jose 0 |
BOTTOM OF THE 5TH |
San Jose Missions batting - Pitching for Vancouver Vipers : RHP Kazuo Mochizuki
|
Batting: LHB Arturo Rivera
|
0-0: Called Strike 0-1: Swinging Strike 0-2: Ball 1-2: Ball 2-2: Ground out 4-3 (Groundball, 4)
|
Batting: RHB Raúl Perales
|
0-0: Ball 1-0: Called Strike 1-1: Ball 2-1: Foul Ball, location: 2F 2-2: Fly out, F8 (Flyball, 8RS)
|
Batting: LHB Wilson Vecino
|
0-0: Foul Ball, location: 2F 0-1: Ball 1-1: Ball 2-1: Ball 3-1: Swinging Strike 3-2: Ground out 4-3 (Groundball, 34D)
|
Bottom of the 5th over - 0 run(s), 0 hit(s), 0 error(s), 0 left on base; Vancouver 3 - San Jose 0 |
TOP OF THE 6TH |
Vancouver Vipers batting - Pitching for San Jose Missions : RHP Francisco Arellano
|
Batting: RHB Lorenzo González
|
0-0: Ball 1-0: Called Strike 1-1: Foul Ball, location: 2F 1-2: Fly out, F8 (Flyball, 89D)
|
Batting: LHB Tanyu Imai
|
0-0: Ball 1-0: Ground out 4-3 (Groundball, 4D)
|
Batting: RHB Alfredo Hernández
|
0-0: Called Strike 0-1: SOLO HOME RUN (Flyball, 7D), Distance : 385 ft
|
Batting: RHB Jesús Gonzáles
|
0-0: Ball 1-0: Called Strike 1-1: Swinging Strike 1-2: Fly out, F4 (Line Drive, 4M)
|
Top of the 6th over - 1 run(s), 1 hit(s), 0 error(s), 0 left on base; Vancouver 4 - San Jose 0 |
BOTTOM OF THE 6TH |
San Jose Missions batting - Pitching for Vancouver Vipers : RHP Kazuo Mochizuki
|
Batting: RHB Peter Bishop
|
0-0: Swinging Strike 0-1: Fly out, F9 (Flyball, 9S)
|
Batting: RHB Ed Starr
|
0-0: Ball 1-0: Called Strike 1-1: Called Strike 1-2: Strikes out swinging
|
Batting: RHB Dale Taylor
|
0-0: Called Strike 0-1: Ground out 6-3 (Groundball, 6MD)
|
Bottom of the 6th over - 0 run(s), 0 hit(s), 0 error(s), 0 left on base; Vancouver 4 - San Jose 0 |
TOP OF THE 7TH |
Vancouver Vipers batting - Pitching for San Jose Missions : RHP Francisco Arellano
|
Pitching: RHP Mark Bidwell
|
|
Batting: RHB Bill Little
|
0-0: Ball 1-0: Swinging Strike 1-1: Foul Ball, location: 2F 1-2: Ball 2-2: Ball 3-2: Foul Ball, location: 2F 3-2: Ground out 5-3 (Groundball, 56)
|
Batting: LHB Mike Williams
|
0-0: Ball 1-0: Ball 2-0: Called Strike 2-1: SINGLE (Groundball, 4MD)
|
Batting: RHB Víctor Arredondo
|
0-0: Called Strike 0-1: Ball 1-1: Foul Ball, location: 2F 1-2: Grounds into double play, 6-4-3 (Groundball, 6)
|
Top of the 7th over - 0 run(s), 1 hit(s), 0 error(s), 0 left on base; Vancouver 4 - San Jose 0 |
BOTTOM OF THE 7TH |
San Jose Missions batting - Pitching for Vancouver Vipers : RHP Kazuo Mochizuki
|
Batting: RHB Bob Orr
|
0-0: Called Strike 0-1: Called Strike 0-2: Ball 1-2: Ball 2-2: Foul Ball, location: 2F 2-2: Ground out 6-3 (Groundball, 6)
|
Batting: RHB Chang-geun Kim
|
0-0: Ball 1-0: Swinging Strike 1-1: Foul Ball, location: 2F 1-2: Fly out, F9 (Flyball, 89S)
|
Batting: RHB Sadao Kato
|
0-0: Called Strike 0-1: Swinging Strike 0-2: Strikes out swinging
|
Bottom of the 7th over - 0 run(s), 0 hit(s), 0 error(s), 0 left on base; Vancouver 4 - San Jose 0 |
TOP OF THE 8TH |
Vancouver Vipers batting - Pitching for San Jose Missions : RHP Mark Bidwell
|
Batting: LHB Dave Gray
|
0-0: Ball 1-0: Ball 2-0: Called Strike 2-1: Called Strike 2-2: Foul Ball, location: 2F 2-2: Fly out, F4 (Popup, 4MD)
|
Batting: SHB Henry Copeland
|
0-0: Ball 1-0: Ball 2-0: SOLO HOME RUN (Flyball, 9LD), Distance : 447 ft
|
Batting: RHB Lorenzo González
|
0-0: Ball 1-0: Ball 2-0: SINGLE (Groundball, 6D)
|
Batting: LHB Tanyu Imai
|
0-0: Called Strike Lorenzo González is caught stealing 2nd base 0-1: SINGLE (Groundball, 15) (infield hit)
|
Batting: RHB Alfredo Hernández
|
0-0: Ball 1-0: Ground out 5-3 (Groundball, 5S)
|
Top of the 8th over - 1 run(s), 3 hit(s), 0 error(s), 1 left on base; Vancouver 5 - San Jose 0 |
BOTTOM OF THE 8TH |
San Jose Missions batting - Pitching for Vancouver Vipers : RHP Kazuo Mochizuki
|
Now in RF: Axel Guimont
|
|
Batting: LHB Arturo Rivera
|
0-0: Ball 1-0: Called Strike 1-1: Ball 2-1: Called Strike 2-2: Ground out 6-3 (Groundball, 6M)
|
Batting: RHB Raúl Perales
|
0-0: Ball 1-0: Ball 2-0: Called Strike 2-1: Called Strike 2-2: Foul Ball, location: 2F 2-2: Strikes out swinging
|
Batting: LHB Wilson Vecino
|
0-0: Ball 1-0: Called Strike 1-1: Foul Ball, location: 2F 1-2: SINGLE (Flyball, 7LS)
|
Batting: RHB Peter Bishop
|
0-0: Called Strike 0-1: SINGLE (Groundball, 6MD) Wilson Vecino to second Runner from 2nd tries for 3rd, SAFE, throw made to third
|
Pitching: RHP Jesse Jones
|
|
Batting: RHB Ed Starr
|
0-0: Ball 1-0: Swinging Strike 1-1: Called Strike 1-2: Foul Ball, location: 2F 1-2: Ball 2-2: Ball 3-2: Ground out 5-3 (Groundball, 56S)
|
Bottom of the 8th over - 0 run(s), 2 hit(s), 0 error(s), 2 left on base; Vancouver 5 - San Jose 0 |
TOP OF THE 9TH |
Vancouver Vipers batting - Pitching for San Jose Missions : RHP Mark Bidwell
|
Batting: RHB Jesús Gonzáles
|
0-0: Ball 1-0: Called Strike 1-1: Ball 2-1: SINGLE (Line Drive, 89S)
|
Batting: RHB Bill Little
|
0-0: Foul Ball, location: 2F 0-1: Swinging Strike 0-2: Ball 1-2: SINGLE (Groundball, 5D) Jesús Gonzáles to second
|
Pitching: RHP Micheal Wood
|
|
Batting: LHB Mike Williams
|
0-0: Ball 1-0: Sac Bunt - play at first, batter OUT! 1-4 Jesús Gonzáles to third Bill Little to second
|
Batting: RHB Víctor Arredondo
|
0-0: Ball 1-0: Fly out, F7 (Flyball, 78D) Runner from 3rd tags up, SCORES, no throw
|
Batting: LHB Dave Gray
|
0-0: Ball 1-0: Swinging Strike 1-1: Ball 2-1: Foul Ball, location: 2F 2-2: Ball 3-2: Ground out 3-1 (Groundball, 34)
|
Top of the 9th over - 1 run(s), 2 hit(s), 0 error(s), 1 left on base; Vancouver 6 - San Jose 0 |
BOTTOM OF THE 9TH |
San Jose Missions batting - Pitching for Vancouver Vipers : RHP Jesse Jones
|
Batting: RHB Dale Taylor
|
0-0: Ball 1-0: Ground out 6-3 (Groundball, 6)
|
Batting: RHB Bob Orr
|
0-0: Ball 1-0: Foul Ball, location: 2F 1-1: Ball 2-1: Called Strike 2-2: Ball 3-2: Fly out, F5 (Popup, 5L)
|
Batting: RHB Chang-geun Kim
|
0-0: Called Strike 0-1: DOUBLE (Groundball, 5L)
|
Batting: RHB Sadao Kato
|
0-0: Ground out 1-3 (Groundball, 13)
|
Bottom of the 9th over - 0 run(s), 1 hit(s), 0 error(s), 1 left on base; Vancouver 6 - San Jose 0 |
|